 Dungeon Crawl Stone Soup version 0.31-a0-841-g038b102fc3 (webtiles) character file.

Game seed: 1942913712138226362

200 javelincjr the Magician (level 5, 0/28 HPs)
             Began as a Deep Elf Conjurer on Sept 27, 2023.
             Slain by a river rat (4 damage)
             ... in a sewer.
             The game lasted 00:06:33 (3121 turns).

javelincjr the Magician (Deep Elf Conjurer)         Turns: 3121, Time: 00:06:34

Health: 0/28       AC:  3    Str:  4    XL:     5   Next: 49%
Magic:  6/14       EV: 18    Int: 25    God:
Gold:   67         SH:  0    Dex: 13    Spells: 11/14 levels left

rFire   + . .        i - +2 quarterstaff (chaos)
rCold   x . .        (shield currently unavailable)
rNeg    . . .        a - +0 robe
rPois   .            (no helmet)
rElec   .            j - +0 cloak
rCorr   .            (no gloves)
SInv    .            (no boots)
Will    .....        (no amulet)
Stlth   ++           e - +5 ring of evasion
HPRegen 0.24/turn    k - ring of fire
MPRegen 0.14/turn

%: no passive effects
@: no status effects
A: no striking features
a: no special abilities


You were in a sewer.
You visited 1 branch of the dungeon, and saw 3 of its levels.
You also visited: Sewer.

You collected 67 gold pieces.

Inventory:

Hand Weapons
 i - a +2 quarterstaff of chaos (weapon)
Armour
 a - a +0 robe (worn)
 j - a +0 cloak (worn)
Jewellery
 e - a +5 ring of evasion (left hand)
 k - a ring of fire (right hand)
Scrolls
 c - 2 scrolls of amnesia
 d - a scroll of vulnerability {unknown}
 g - a scroll of fog
Potions
 b - a potion of magic
 f - 2 potions of curing
 h - 2 potions of berserk rage {unknown}
 l - a potion of cancellation {unknown}
 m - a potion of mutation {unknown}
 n - 3 potions of degeneration
 o - 3 potions of heal wounds {unknown}


   Skills:
 + Level 3.8 Dodging
 + Level 4.0 Stealth
 * Level 5.4 Spellcasting
 + Level 5.1 Conjurations


You had 11 spell levels left.
You knew the following spells:

 Your Spells              Type           Power      Damage    Failure   Level
a - Magic Dart            Conj           100%       1d8       1%          1
b - Searing Ray           Conj           64%        2d6       1%          2

Your spell library contained the following spells:

 Spells                   Type           Power      Damage    Failure   Level
 Dazzling Flash           Conj/Hex       38%        N/A       9%          3
 Fulminant Prism          Conj/Hex       9%         3d6       26%         4
 Iskenderun's Mystic Bla  Conj/Tloc      19%        2d6       26%         4


Dungeon Overview and Level Annotations

Branches:
Dungeon (3/15)              Sewer (1/1)

Altars:

Shops:
D:1 ?


Message History

Press: ? - help, Shift-Dir - straight line, f - river rat
Aim: a river rat (asleep, 100% to hit)
The searing ray hits the river rat!
The river rat is severely wounded. (Press . to maintain the ray.)
The searing ray hits the river rat.
The river rat is heavily wounded.
The searing ray hits the river rat.
The river rat is almost dead.
The river rat bites you.
The searing ray misses the river rat.
The river rat bites you. The river rat completely misses you.
The river rat closely misses you.
The searing ray misses the river rat.
You finish channelling your searing ray.
The river rat bites you! The river rat closely misses you.
The river rat barely misses you.
The river rat attacks as it pursues you!
The river rat bites you!
* * * LOW HITPOINT WARNING * * *
The river rat bites you.
* * * LOW HITPOINT WARNING * * *
Casting: Searing Ray (safe; 1% risk of failure)
Confirm with . or Enter, or press ? or * to list all spells.
Aiming: Searing Ray (safe; 1% risk of failure)
Press: ? - help, Shift-Dir - straight line, f - river rat, p - river rat
Aim: a river rat (78% to hit)
The searing ray hits the river rat!
You kill the river rat!
The searing ray hits the river rat.
The river rat is heavily wounded. (Press . to maintain the ray.)
The river rat closely misses you.
Your Stealth skill increases to level 4!
The searing ray hits the river rat.
The river rat is severely wounded.
The river rat completely misses you.
The searing ray hits the river rat!
You kill the river rat!
The river rat bites you.
You die...

#.≈~≈ #~≈~~ #~≈~# #.≈~# ######
###### #~≈~# #....# ....#
#~≈~#####''#####r'#####
#.~~~~~........@.....∩#
#†~~~.~..............∩# #~≈.#
#~≈~#####''#####++##### #~≈~#
#~≈~# #....# #~≈~# #~≈~# ######
#~≈~#
##~≈~#######################~≈~##
≈≈~≈~~~.~~†~~~~~~~.~.~~~~~~~~~~~.
≈≈.≈≈≈≈≈≈≈≈≈≈≈≈≈≈≈≈≈≈≈≈≈≈≈≈≈≈≈≈≈≈
≈≈~~~.~~.~~~~~~~~~~~~~~~..~~~~~~~


You could see a river rat.

Vanquished Creatures
  Crazy Yiuf (D:2)
  9 adders
  2 river rats (Sewer)
  4 worms
  4 dart slugs
  An orc (D:3)
  An endoplasm (D:2)
  3 giant cockroaches
  5 goblins
  5 hobgoblins
  4 jackals
  7 quokkas
  5 ball pythons
  4 bats
  3 frilled lizards
  6 kobolds (D:1)
  2 rats
66 creatures vanquished.

Notes
Turn   | Place    | Note
-------+----------+-------------------------------------------
     0 | D:1      | javelincjr the Deep Elf Conjurer began the quest for the
                  | Orb.
     0 | D:1      | Reached XP level 1. HP: 10/10 MP: 6/6
   145 | D:1      | Found Piorph's Magic Scroll Emporium.
   255 | D:1      | You fall into a shaft and drop 1 floor!
   363 | D:2      | Reached XP level 2. HP: 15/15 MP: 5/8
  1152 | D:1      | Reached XP level 3. HP: 19/19 MP: 7/10
  1155 | D:1      | Learned a level 2 spell: Searing Ray
  1541 | D:2      | Found a runed translucent door.
  1542 | D:2      | Noticed Crazy Yiuf
  1551 | D:2      | Killed Crazy Yiuf
  1744 | D:2      | Reached XP level 4. HP: 24/24 MP: 8/12
  2534 | D:3      | Reached skill level 5 in Conjurations
  2689 | D:3      | Reached XP level 5. HP: 11/28 MP: 8/14
  2693 | D:3      | Reached skill level 5 in Spellcasting
  2772 | D:3      | Found a glowing drain.
  2783 | Sewer    | Entered a sewer
  3121 | Sewer    | Slain by a river rat

Illustrated notes

Levels and vault maps discovered:
D:1:      pf_arrival_petrified_forest, layout_loops_corners, serial_shops,
          shop_fountains
D:2:      layout_loops_corners, serial_glass, glass_columns_b, glass_columns_a,
          kennysheep_pointless_box, grunt_ministairs_7, uniq_crazy_yiuf_cottage
D:3:      layout_basic, lightli_sewer_entry_pipes, serial_shops, shop,
          minmay_misc_feat_pillars
Sewer:    sewer_fruit_machine

Skill      XL: |  1  2  3  4  5 |
---------------+----------------+-----
Stealth        | 3 4 |  4.0
Dodging        | 3 |  3.8
Spellcasting   | 4 5 |  5.4
Conjurations   | 5 |  5.1

Action                     |  1- 3 |  4- 6 || total
---------------------------+-------+-------++-------
  Melee: Quarterstaff      |       |     7 ||     7
   Cast: Magic Dart        |    56 |    47 ||   103
         Searing Ray       |     2 |    13 ||    15
    Use: Scroll            |       |     5 ||     5
 Armour: Robe              |     1 |    15 ||    16
  Dodge: Dodged            |     5 |    32 ||    37

Table legend: (Time is in decaauts)
 A = Elapsed time spent in this place.
 B = Non-inter-level travel time spent in this place.
 C = Inter-level travel time spent in this place.
 D = Time resting spent in this place.
 E = Time spent auto-exploring this place.
 F = Levels seen in this place.
 G = Mean time per level.
                   A        B        C        D        E       F      G
               +--------+--------+--------+--------+--------+-----+--------+
         Total |   3179 |   3086 |     93 |    139 |   2601 |   4 |  794.8 |
       Dungeon |   2799 |   2706 |     93 |    139 |   2265 |   3 |  933.0 |
         Sewer |    379 |    379 |      0 |      0 |    336 |   1 |  379.0 |
               +--------+--------+--------+--------+--------+-----+--------+

Top non-repeatable levels by time:
     D:2: 1269 daAuts
     D:1: 1254 daAuts
   Sewer: 379 daAuts
     D:3: 275 daAuts
